 Dungeon Crawl Stone Soup version 0.31-a0-182-gc5ef74bbde (webtiles) character file.

Game seed: 18213205124034790442

294 qw the Chopper (level 6, -1/38 HPs)
             Began as a Gargoyle Fighter on June 20, 2023.
             Slain by Menkaure (7 damage)
             ... on level 4 of the Dungeon.
             The game lasted 00:01:24 (2708 turns).

qw the Chopper (Gargoyle Fighter)                   Turns: 2708, Time: 00:01:25

Health: -1/38      AC: 19    Str: 21    XL:     6   Next: 33%
Magic:  6/6        EV:  5    Int:  9    God:
Gold:   176        SH:  4    Dex:  9    Spells: 5/5 levels left

rFire   . . .        Y - +1 war axe
rCold   . . .        c - +0 buckler
rNeg    + . .        m - +0 plate armour
rPois   inf          (no helmet)
rElec   +            o - +1 cloak
rCorr   .            n - +0 pair of gloves
SInv    .            (no boots)
Will    .....        (no amulet) Stlth
                     (no ring)
HPRegen 0.26/turn    (no ring)
MPRegen 0.10/turn

%: no passive effects
@: about to teleport
A: sickness immunity, AC +4, negative energy resistance 1, electricity
resistance, torment resistance 1, petrification resistance
a: no special abilities


You were on level 4 of the Dungeon.
You visited 1 branch of the dungeon, and saw 4 of its levels.

You collected 176 gold pieces.


Innate Abilities, Weirdness & Mutations

You are immune to sickness and miasma.
Your stone body is resilient. (AC +4)
You are immune to poison.
You resist negative energy. (rN+)
You are resistant to electric shocks. (rElec)
You are resistant to unholy torment.
You are immune to petrification.


   Skills:
 - Level 4.0 Fighting
 + Level 5.6 Axes
 - Level 3.2 Armour
 - Level 3.2 Shields


You had 5 spell levels left.
You didn't know any spells.
Your spell library was empty.

Inventory:

Hand Weapons
 b - a +0 flail
 Y - a +1 war axe (weapon)
Missiles
 s - 2 boomerangs
Armour
 c - a +0 buckler (worn)
 m - a +0 plate armour (worn)
 n - a +0 pair of gloves (worn)
 o - a +1 cloak (worn)
Wands
 r - a wand of digging (4)
Scrolls
 h - a scroll of identify
Potions
 a - 2 potions of lignification {unknown}
 d - a potion of might
 f - a potion of enlightenment {unknown}
 g - a potion of attraction {unknown}
 j - a potion of mutation {unknown}
 k - a potion of magic {unknown}
 l - a potion of haste {unknown}
 q - a potion of brilliance {unknown}

Dungeon Overview and Level Annotations

Branches:
Dungeon (4/15)
 Temple: D:4-7

Altars:

Shops:
D:1 (

Annotations:
D:4 Menkaure


Message History

There is an open door here.
There is a stone staircase leading down here.
You climb downwards.
Found 9 gold pieces.
There is a stone staircase leading up here.
Waypoint 3 assigned to D:4.
You now have 176 gold pieces (gained 9).
Found a stone staircase leading down.
Found a stone staircase leading down.
a - 2 red potions (gained 1) Menkaure, Prince of Dust comes into view.
Menkaure shouts!
Menkaure gestures wildly while chanting.
Menkaure seems to speed up.
You closely miss Menkaure. Menkaure hits you but does no damage.
Menkaure calls on the powers of darkness!
Your body is wracked with pain!
You hit Menkaure.
Menkaure is lightly damaged.
Menkaure calls on the powers of darkness!
Your body is wracked with pain!
You barely miss Menkaure.
Menkaure is lightly damaged.
Menkaure hits you! Menkaure hits you but does no damage.
You hit Menkaure.
Menkaure is moderately damaged.
Menkaure barely misses you.
You hit Menkaure.
Menkaure is moderately damaged.
Menkaure barely misses you. Menkaure hits you but does no damage.
You hit Menkaure.
Menkaure is heavily damaged.
Menkaure hits you.
2708 ||| READING scroll of teleportation.
As you read the scroll of teleportation, it crumbles to dust.
You feel strangely unstable. Menkaure casts a spell at you.
Pain shoots through your body! Menkaure hits you!
You die...

#####..#######
....>....##
#######...#
#..#.# #.##.#
#.##.# #.##.#
####.##.#
#.M@.##.#
#.#####.# #. #


You could see Menkaure (fast).

Vanquished Creatures
  Jessica (D:3)
  Terence (D:3)
  Natasha (D:3)
  11 adders
  3 gnolls (D:2)
  2 worms (D:2)
  A dart slug (D:2)
  5 orcs (D:3)
  9 endoplasms
  A giant cockroach (D:1)
  7 goblins
  9 hobgoblins
  8 kobolds
  A quokka (D:2)
  13 ball pythons
  3 bats
  3 frilled lizards
  4 rats
83 creatures vanquished.

Notes
Turn   | Place    | Note
-------+----------+-------------------------------------------
     0 | D:1      | qw the Gargoyle Fighter began the quest for the Orb.
     0 | D:1      | Reached XP level 1. HP: 14/14 MP: 1/1
     0 | D:1      | 0 ||| qw: Version: 0.3-a-9-g12657ce
     0 | D:1      | 0 ||| qw: Game counter: 1189
     0 | D:1      | 0 ||| qw: Always use a shield: true
     0 | D:1      | 0 ||| qw: God list: Okawaru
     0 | D:1      | 0 ||| qw: Allow faded altars: false
     0 | D:1      | 0 ||| qw: Do Orc after D:15 true
     0 | D:1      | 0 ||| qw: Do second Lair branch before Depths: true
     0 | D:1      | 0 ||| qw: Lair rune preference: random
     0 | D:1      | 0 ||| qw: Plans: Normal, Zot:1-4, Slime:5, God:TSO, Crypt,
                  | Tomb, Abyss, Pan, Hells, Win
     0 | D:1      | 0 ||| PLANNING D:1-11
    44 | D:1      | 44 ||| Stepping ~*~*~tactically~*~*~ (stealth).
    50 | D:1      | Reached skill level 2 in Axes
    65 | D:1      | 65 ||| Stepping ~*~*~tactically~*~*~ (stealth).
    67 | D:1      | 67 ||| Stepping ~*~*~tactically~*~*~ (hiding).
    68 | D:1      | 68 ||| Stepping ~*~*~tactically~*~*~ (hiding).
    75 | D:1      | Reached XP level 2. HP: 19/19 MP: 2/2
   145 | D:1      | 145 ||| Stepping ~*~*~tactically~*~*~ (stealth).
   168 | D:1      | Found a faded altar of an unknown god.
   241 | D:1      | Reached skill level 3 in Axes
   290 | D:1      | Reached XP level 3. HP: 18/23 MP: 3/3
   390 | D:1      | Found Vory's Weapon Boutique.
   528 | D:1      | 528 ||| UPGRADING to +0 chain mail.
   538 | D:1      | 538 ||| DROPPING +0 scale mail.
   539 | D:1      | 539 ||| READING scroll labelled HEAWIN KEYKIUF.
   540 | D:1      | 540 ||| READING scroll labelled IFUICZ CUBOXUOM.
   541 | D:1      | 541 ||| READING scroll labelled XEACLY PUXTICO.
   799 | D:2      | 799 ||| Stepping ~*~*~tactically~*~*~ (hiding).
   857 | D:2      | 857 ||| Stepping ~*~*~tactically~*~*~ (stealth).
   862 | D:2      | 862 ||| Stepping ~*~*~tactically~*~*~ (stealth).
   871 | D:2      | 871 ||| Stepping ~*~*~tactically~*~*~ (stealth).
   872 | D:2      | 872 ||| Stepping ~*~*~tactically~*~*~ (stealth).
   879 | D:2      | Reached XP level 4. HP: 24/28 MP: 4/4
   896 | D:2      | 896 ||| DROPPING +0 club.
   920 | D:2      | Reached skill level 4 in Axes
   998 | D:2      | 998 ||| Stepping ~*~*~tactically~*~*~ (hiding).
  1396 | D:2      | 1396 ||| READING scroll labelled JINKIKHL ASYFEO.
  1399 | D:2      | 1399 ||| READING scroll labelled HETIRPHAKOD.
  1400 | D:2      | 1400 ||| READING 2 scrolls labelled ILODEL OGO NU BAU.
  1547 | D:3      | Noticed Terence
  1554 | D:3      | Killed Terence
  1555 | D:3      | Reached XP level 5. HP: 26/32 MP: 5/5
  1616 | D:3      | 1616 ||| Stepping ~*~*~tactically~*~*~ (stealth).
  1914 | D:3      | Reached skill level 5 in Axes
  2243 | D:3      | Reached XP level 6. HP: 38/38 MP: 6/6
  2288 | D:3      | Noticed Jessica
  2291 | D:3      | Killed Jessica
  2335 | D:3      | 2335 ||| Stepping ~*~*~tactically~*~*~ (hiding).
  2349 | D:3      | Noticed Natasha
  2360 | D:3      | Killed Natasha
  2624 | D:3      | 2624 ||| UPGRADING to +0 plate armour.
  2634 | D:3      | 2634 ||| DROPPING +0 chain mail.
  2635 | D:3      | 2635 ||| UPGRADING to +0 pair of gloves.
  2640 | D:3      | 2640 ||| UPGRADING to +1 cloak.
  2645 | D:3      | 2645 ||| READING scroll labelled UNEMNA EMIG.
  2700 | D:4      | Noticed Menkaure
  2707 | D:4      | HP: 7/38 [Menkaure (6)]
  2708 | D:4      | 2708 ||| READING scroll of teleportation.
  2708 | D:4      | Slain by Menkaure

Levels and vault maps discovered:
D:1:      dpeg_arrival_erosion, layout_rooms, serial_shops, shop,
          dreamdust_ecumenical_altar_grove
D:2:      layout_loops_ring, grunt_decor_one_mirror
D:3:      layout_loops_corners, grunt_ministairs_5, chequers_mini_garden,
          minmay_snake_closets, uniq_jessica, uniq_natasha, uniq_terence
D:4:      old_forge, layout_rooms, serial_shops,
          nicolae_shop_tiny_real_fake_doors, minmay_misc_feat_secret_circle,
          minivault_27, uniq_pargi, uniq_menkaure

Skill      XL: |  1  2  3  4  5 |
---------------+----------------+-----
Axes           | 2 3 4 5 |  5.6
Fighting       | 4 |  4.0
Armour         | |  3.2
Shields        | |  3.2

Action                     |  1- 3 |  4- 6 || total
---------------------------+-------+-------++-------
  Melee: War axe           |    84 |   146 ||   230
    Use: Scroll            |     3 |     5 ||     8
 Armour: Scale mail        |    27 |       ||    27
         Chain mail        |    18 |   103 ||   121
         Plate armour      |       |     3 ||     3
  Dodge: Dodged            |    31 |    52 ||    83
  Block: Buckler           |    14 |    25 ||    39

Table legend:
 A = Non-vault XP
 B = Vault XP
 C = Vault XP percentage of total XP
 D = Non-vault monster count
 E = Vault monster count
 F = Vault count percentage of total count
                 A         B        C        D         E       F
            +---------+---------+-------+---------+---------+-------
      Total |     197 |     223 |  53.1 |      65 |      18 |  21.7
            +---------+---------+-------+---------+---------+-------
        D:1 |      37 |       0 |   0.0 |      22 |       0 |   0.0
        D:2 |     116 |       0 |   0.0 |      28 |       0 |   0.0
        D:3 |      44 |     223 |  83.5 |      15 |      18 |  54.5
            +---------+---------+-------+---------+---------+-------
